 Dungeon Crawl Stone Soup version 0.22-a0-567-gff9aefc (webtiles) character file.

263 Amnesiac the Cutter (level 5, -2/27 HPs)
             Began as a Spriggan Fighter on June 29, 2018.
             Slain by a shadow imp (4 damage)
             ... on level 7 of the Dungeon.
             The game lasted 00:09:11 (3911 turns).

Amnesiac the Cutter (Spriggan Fighter)              Turns: 3911, Time: 00:09:12

Health: -2/27      AC:  2    Str: 13    XL:     5   Next: 97%
Magic:  7/7        EV: 19    Int:  9    God:
Gold:   206        SH:  6    Dex: 16    Spells: 4/4 levels left

rFire    . . .     SeeInvis +   a - +0 rapier
rCold    . . .     Gourm    .   c - +0 buckler
rNeg     . . .     Faith    .   b - +0 robe
rPois    .         Spirit   .   (helmet restricted)
rElec    .         Reflect  .   (no cloak)
rCorr    .         Harm     .   (gloves unavailable)
MR       .....                  (boots unavailable)
Stlth    +++.......             (no amulet)
HPRegen  0.09/turn              (no ring)
MPRegen  0.10/turn              (no ring)

@: very quick
A: very small, unfitting armour, see invisible, herbivore, speed 3, slow
metabolism 2
a: no special abilities


You were on level 7 of the Dungeon.
You were not hungry.

You visited 1 branch of the dungeon, and saw 7 of its levels.

You collected 206 gold pieces.

Inventory:

Hand Weapons
 a - a +0 rapier (weapon)
Armour
 b - a +0 robe (worn)
 c - a +0 buckler (worn)
Jewellery
 j - an uncursed ring of fire
Wands
 h - a wand of flame (25)
Scrolls
 l - 4 scrolls of teleportation {!r}
 m - a scroll of fog {!r}
Potions
 d - a potion of might {!q}
 e - a potion of curing {!q, unknown}
 i - 2 potions of heal wounds {!q}
 k - a potion of flight {!q}
 n - a potion of degeneration {!q}
 o - a potion of haste {!q}
 p - 2 potions of mutation {!q}
 q - 2 potions of cancellation {!q}
 r - a potion of magic {!q}
Comestibles
 f - 4 rations


   Skills:
 - Level 2.4 Fighting
 - Level 5.2 Short Blades
 - Level 4.4 Dodging
 - Level 5.1 Stealth
 - Level 2.5 Shields
 + Level 1.7 Evocations


You had 4 spell levels left.
You didn't know any spells.
Your spell library contained the following spells:

 Spells                   Type           Power        Failure   Level  Hunger
 Magic Dart               Conj           #...         50%         1    ##.....
 Apportation              Tloc           #.....       50%         1    ##.....
 Conjure Flame            Conj/Fire      #.......     86%         3    ####...
 Slow                     Hex            #.......     65%         2    ###....
 Mephitic Cloud           Conj/Pois/Air  #.......     86%         3    ####...
 Summon Small Mammal      Summ           #...         50%         1    ##.....
 Blink                    Tloc           N/A          65%         2    ###....
 Animate Skeleton         Necr           N/A          50%         1    ##.....
 Call Imp                 Summ           #.......     65%         2    ###....
 Confusing Touch          Hex            #.....       50%         1    ##.....


Dungeon Overview and Level Annotations

Branches:
Dungeon (7/15)
 Temple: D:4-7

Altars:
Trog

Shops:
D:5 =

Annotations:
D:4 2 runed doors, Mamutox's ghost, amateur SpEn
D:5 Menkaure


Innate Abilities, Weirdness & Mutations

You are very small and have problems with some larger weapons.
You are too small for most types of armour.
You have supernaturally acute eyesight. (SInv)
You are a herbivore.
You cover ground extremely quickly.
You need to consume almost no food.


Message History

q - 2 potions of cancellation {!q} (gained 1)
You see here 7 gold pieces.
You see here 7 gold pieces.
You now have 196 gold pieces (gained 7).
Really read
g - a scroll of identify {!r}?
As you read the scroll of identify {!r}, it crumbles to dust.
k - a potion of flight {!q}
Found a stone staircase leading down.
Found a scroll labeled MECVOP WOSTOTRUR.
There is a stone staircase leading down here.
You climb downwards.
There is a stone staircase leading up here.
You start resting.
HP restored.
You start resting.
HP restored.
A jelly comes into view.
A jelly is nearby!
The helpless jelly fails to defend itself.
You impale the jelly!!
You kill the jelly!
Your Evocations skill increases to level 1!
Found a stone staircase leading up.
Magic restored.
Found 8 javelins.
You see here 8 javelins.
You now have 206 gold pieces (gained 10).
A shadow imp comes into view.
The shadow imp shouts!
The shadow imp hits you.
You hit the shadow imp.
The shadow imp is lightly wounded.
The shadow imp barely misses you.
You closely miss the shadow imp.
The shadow imp is lightly wounded.
The shadow imp hits you.
You hit the shadow imp but do no damage.
The shadow imp is lightly wounded.
The shadow imp misses you.
You puncture the shadow imp!
The shadow imp is almost dead.
The shadow imp gestures at you. Pain shoots through your body!
* * * LOW HITPOINT WARNING * * *
You hit the shadow imp but do no damage.
The shadow imp is almost dead.
The shadow imp hits you.
* * * LOW HITPOINT WARNING * * *
You hit the shadow imp but do no damage.
The shadow imp is almost dead.
The shadow imp closely misses you.
You barely miss the shadow imp.
The shadow imp is almost dead.
The shadow imp closely misses you.
You hit the shadow imp.
The shadow imp is almost dead.
The shadow imp gestures at you. Pain shoots through your body!
* * * LOW HITPOINT WARNING * * *
Unknown command.
You hit the shadow imp but do no damage.
The shadow imp is almost dead.
The shadow imp hits you.
You die...

#.....# #..#. #.#.#
##....## ####.
#.#.####.# <.......
... #........#
##...###
######.#######.######
# ..#
...............# # .#
........######## # #
######..# # #..# #.@#
#.5# #..# ...# ##..#
##.# #.# #.#


You could see a shadow imp.

Vanquished Creatures
  A jelly (D:7)
  A centaur skeleton (D:4)
  A bullfrog skeleton (D:4)
  Jessica (D:2)
  A worker ant (D:4)
  7 adders
  2 adder skeletons
  2 dart slugs (D:2)
  3 worms
  A leopard gecko (D:4)
  6 orcs
  A bat (D:1)
  3 giant cockroaches
  3 goblins
  2 hobgoblins (D:1)
  3 jackals (D:1)
  A kobold (D:1)
  A quokka (D:3)
  2 ball pythons (D:5)
  5 frilled lizards
  A rat (D:2)
48 creatures vanquished.

Notes
Turn   | Place    | Note
-------+----------+-------------------------------------------
     0 | D:1      | Amnesiac the Spriggan Fighter began the quest for the Orb.
     0 | D:1      | Reached XP level 1. HP: 11/11 MP: 2/2
    56 | D:1      | Reached skill level 1 in Stealth
    87 | D:2      | Reached XP level 2. HP: 16/16 MP: 3/3
   129 | D:2      | Noticed Jessica
   138 | D:2      | Killed Jessica
   138 | D:2      | Reached XP level 3. HP: 16/19 MP: 4/4
   260 | D:4      | Reached XP level 4. HP: 11/23 MP: 5/5
   836 | D:4      | Found a runed door.
  1949 | D:2      | Reached skill level 5 in Short Blades
  2105 | D:3      | Reached XP level 5. HP: 27/27 MP: 6/6
  2362 | D:4      | Found a runed door.
  2364 | D:4      | Noticed Mamutox's ghost (amateur SpEn)
  2397 | D:4      | Noticed a cyclops
  2516 | D:5      | Entered Level 5 of the Dungeon
  2565 | D:5      | Reached skill level 5 in Stealth
  2624 | D:5      | Noticed a sky beast
  2900 | D:6      | Noticed an orc warrior
  2942 | D:6      | Found a bloodstained altar of Trog.
  3000 | D:7      | Noticed a centaur
  3174 | D:5      | Noticed a centaur
  3392 | D:5      | Found Qocunihi's Jewellery Emporium.
  3392 | D:5      | Noticed a sky beast
  3469 | D:5      | Noticed Menkaure
  3812 | D:7      | Reached skill level 1 in Evocations
  3911 | D:7      | Slain by a shadow imp

Vault maps used:
D:1:      scummos_arrival_checkerplants
D:2:      first_ration, uniq_jessica
D:4:      cheibrodos_thug_alley, ebering_ghost_inner_flame,
          uniq_crazy_yiuf_cottage
D:5:      serial_shops, shop, st_stairs_1, uniq_menkaure
D:6:      basic_altar
D:7:      tgw_sif, temple_statues, hangedman_decor_opposing, uniq_joseph

Skill      XL: |  1  2  3  4  5 |
---------------+----------------+-----
Stealth        | 2 3 5 |  5.1
Short Blades   | 3 4 5 |  5.2
Evocations     | 1 |  1.7
Fighting       | |  2.4
Dodging        | |  4.4
Shields        | |  2.5

Action                   |  1- 3 |  4- 6 || total
-------------------------+-------+-------++-------
Melee: Rapier            |    32 |   182 ||   214
  Use: Scroll            |       |    10 ||    10
       Potion            |       |     1 ||     1
 Stab: Sleeping          |     2 |     7 ||     9
       Distracted        |     1 |       ||     1
  Eat: Ration            |       |     2 ||     2
Armor: Robe              |     1 |     7 ||     8
Dodge: Dodged            |    18 |   145 ||   163
Block: Buckler           |     4 |    48 ||    52

Table legend:
 A = Spawn XP
 B = Non-spawn XP
 C = Spawn XP percentage of total XP
 D = Spawn monster count
 E = Non-spawn monster count
 F = Spawn count percentage of total count
 G = Total turns spent on level
                    A         B        C        D         E        F      G
               +---------+---------+-------+---------+---------+-------+---------
         Total |       0 |     376 |   0.0 |       0 |      48 |   0.0 |  3911
               +---------+---------+-------+---------+---------+-------+---------
           D:1 |       0 |      17 |   0.0 |       0 |       9 |   0.0 |   724
           D:2 |       0 |     105 |   0.0 |       0 |      15 |   0.0 |   493
           D:3 |       0 |      17 |   0.0 |       0 |       3 |   0.0 |   196
           D:4 |       0 |     148 |   0.0 |       0 |      12 |   0.0 |  1288
           D:5 |       0 |      26 |   0.0 |       0 |       5 |   0.0 |   477
           D:6 |       0 |      17 |   0.0 |       0 |       2 |   0.0 |   376
           D:7 |       0 |      46 |   0.0 |       0 |       2 |   0.0 |   357
               +---------+---------+-------+---------+---------+-------+---------
